 Dungeon Sprint DCSS version 0.30-a0-222-ge547ba4400 (webtiles) character file.

Game seed: 12848946790437461271

7938 Zeld the Severer (level 11, -11/111 HPs)
             Began as a Minotaur Berserker on Oct 9, 2022.
             Was the Champion of Trog.
             Mangled by a dire elephant (30 damage)
             ... in the Dungeon (Sprint IX: "|||||||||||||||||||||||||||||").
             The game lasted 00:01:28 (1074 turns).

Zeld the Severer (Minotaur Berserker)               Turns: 1074, Time: 00:01:30

Health: -11/111    AC: 15    Str: 28    XL:     11   Next: 3%
Magic:  3/3        EV: 14    Int:  7    God:    Trog [******]
Gold:   0          SH:  0    Dex: 11    Spells: 10/10 levels left

rFire   . . .      SeeInvis .    a - +3 battleaxe (antimagic)
rCold   . . .      Faith    .    (shield currently unavailable)
rNeg    . . .      Spirit   .    b - +1 chain mail
rPois   .          Reflect  .    (helmet restricted)
rElec   .          Harm     .    (no cloak)
rCorr   .          Rampage  .    (no gloves)
Will    .....      NoTele   +    k - +0 pair of boots
Stlth   ..........               (no amulet)
HPRegen 0.38/turn                l - +3 ring of strength
MPRegen 0.08/turn                m - +3 ring of intelligence

@: on berserk cooldown, slowed, very slow
A: horns 2, retaliatory headbutt
a: Renounce Religion, Berserk, Trog's Hand, Brothers in Arms


You were in the Dungeon.
You worshipped Trog.
Trog was exalted by your worship.
You visited 1 branch

Inventory:

Hand Weapons
 a - a +3 antimagic battleaxe (weapon)
Armour
 b - a +1 chain mail (worn)
 k - a +0 pair of boots (worn)
Jewellery
 l - a +3 ring of strength (left hand)
 m - a +3 ring of intelligence (right hand)
Wands
 j - a wand of iceblast (10)
Scrolls
 h - 2 scrolls of blinking
 p - 2 scrolls of enchant armour
 q - 2 scrolls of fog
 r - a scroll of identify
 s - a scroll of fear
Potions
 c - 6 potions of curing
 d - 6 potions of heal wounds
 e - a potion of haste
 f - 4 potions of magic
 g - a potion of berserk rage
 i - a potion of invisibility
 n - a potion of might
 o - 2 potions of resistance


   Skills:
 + Level 14.8 Fighting
 * Level 20.1 Axes
 + Level 14.6 Armour
 + Level 13.5 Dodging


You had 10 spell levels left.
You didn't know any spells.
Your spell library was empty.

Dungeon Overview and Level Annotations

Branches:
Dungeon (1/1)

Altars:
Cheibriados
Dithmenos
Elyvilon
Fedhas
Gozag
Hepliaklqana
Kikubaaqudgha
Makhleb
Nemelex Xobeh
Okawaru
Qazlal
Ru
Sif Muna
Trog
Uskayaw
Vehumet
Wu Jian
Xom
Yredelemnul
Zin
The Shining One
Jiyva
Lugonu


Innate Abilities, Weirdness & Mutations

You have a pair of horns on your head.
You reflexively headbutt those who attack you in melee.


Message History

You slice the elephant!! You headbutt the elephant.
You kill the elephant!
Trog accepts your kill.
Your Axes skill increases to level 20!
You have reached level 11!
Unknown command.
You are no longer berserk.
You are exhausted.
You feel yourself slow down.
Things that are here:
an elephant corpse; an elephant corpse; an elephant corpse You slash the dire elephant!
The dire elephant is lightly wounded.
The dire elephant tramples you!!
You hold your ground!
The dire elephant trunk-slaps you!
You slash the dire elephant! You headbutt the dire elephant.
The dire elephant is moderately wounded.
The dire elephant misses you. The dire elephant barely misses you.
You hit the dire elephant but do no damage.
The dire elephant is lightly wounded.
The dire elephant tramples you!!
You stumble backwards!
You slash the dire elephant! You headbutt the dire elephant!
The dire elephant is moderately wounded.
The dire elephant closely misses you. The dire elephant trunk-slaps you.
You slash the dire elephant!
The dire elephant is heavily wounded.
The dire elephant misses you. You furiously retaliate!
You headbutt the dire elephant. The dire elephant trunk-slaps you.
You slash the dire elephant!
The dire elephant is heavily wounded.
The dire elephant barely misses you. The dire elephant trunk-slaps you!
* * * LOW HITPOINT WARNING * * *
You slice the dire elephant!!
You headbutt the dire elephant, but do no damage.
The dire elephant is severely wounded.
The dire elephant closely misses you. You furiously retaliate!
You headbutt the dire elephant. The dire elephant trunk-slaps you!
* * * LOW HITPOINT WARNING * * *
The dire elephant tramples you!!
You die...

▓.▓.▓.▓
▓.▓.▓.▓
▓[▓.▓.▓
▓[▓.▓.▓
▓)▓.▓.▓
▓)▓.▓.▓
▓?▓.▓.▓
▓.▓.▓Y▓
▓'▓.▓@▓
▓_▓.▓.▓
▓_▓.▓.▓
▓_▓.▓.▓
▓_▓.▓.▓
▓_▓.▓.▓
▓_▓.▓.▓
▓_▓.▓.▓
▓_▓.▓.▓


You could see a dire elephant.

Vanquished Creatures
  A catoblepas (D)
  A two-headed ogre (D)
  A slime creature (D)
  8 elephants (D)
  2 gargoyles (D)
  A cane toad (D)
  A komodo dragon (D)
  A troll (D)
  A polar bear (D)
  4 blink frogs (D)
  A yak (D)
  A wraith (D)
  3 water moccasins (D)
  2 orc warriors (D)
  A wolf (D)
  4 bullfrogs (D)
  A scorpion (D)
  A killer bee (D)
  A howler monkey (D)
  A hound (D)
  An iguana (D)
  An adder (D)
  2 orcs (D)
  A ball python (D)
  2 endoplasms (D)
  A hobgoblin (D)
  A rat (D)
46 creatures vanquished.

Notes
Turn   | Place    | Note
-------+----------+-------------------------------------------
     0 | D        | Zeld the Minotaur Berserker began the quest for the Orb.
     0 | D        | Reached XP level 1. HP: 19/19 MP: 0/0
    10 | D        | Reached skill level 4 in Axes
    12 | D        | Reached ** piety under Trog
   139 | D        | Noticed an iguana
   139 | D        | Noticed a hound
   143 | D        | Killed a hound
   144 | D        | Reached skill level 6 in Axes
   144 | D        | Reached XP level 2. HP: 28/28 MP: 1/1
   144 | D        | Reached XP level 3. HP: 35/35 MP: 2/2
   145 | D        | Reached *** piety under Trog
   146 | D        | Reached skill level 5 in Fighting
   153 | D        | Reached skill level 7 in Axes
   153 | D        | Reached XP level 4. HP: 42/42 MP: 3/3
   194 | D        | Found a snail-covered altar of Cheibriados.
   194 | D        | Found a shadowy altar of Dithmenos.
   194 | D        | Found a white marble altar of Elyvilon.
   194 | D        | Found a blossoming altar of Fedhas.
   194 | D        | Found an opulent altar of Gozag.
   195 | D        | Found a hazy altar of Hepliaklqana.
   196 | D        | Found a viscous altar of Jiyva.
   197 | D        | Found an ancient bone altar of Kikubaaqudgha.
   198 | D        | Found a corrupted altar of Lugonu.
   199 | D        | Found a burning altar of Makhleb.
   200 | D        | Found a sparkling altar of Nemelex Xobeh.
   201 | D        | Found an iron altar of Okawaru.
   202 | D        | Found a stormy altar of Qazlal.
   203 | D        | Found a sacrificial altar of Ru.
   204 | D        | Found a shimmering blue altar of Sif Muna.
   205 | D        | Found a bloodstained altar of Trog.
   206 | D        | Found a hide-covered altar of Uskayaw.
   207 | D        | Found a radiant altar of Vehumet.
   208 | D        | Found an ornate altar of the Wu Jian Council.
   209 | D        | Found a shimmering altar of Xom.
   210 | D        | Found a basalt altar of Yredelemnul.
   211 | D        | Found a glowing silver altar of Zin.
   212 | D        | Found a glowing golden altar of the Shining One.
   263 | D        | Noticed a troll
   263 | D        | Noticed a komodo dragon
   263 | D        | Noticed an orc warrior
   263 | D        | Noticed an orc warrior
   265 | D        | Reached **** piety under Trog
   266 | D        | Reached skill level 8 in Axes
   266 | D        | Reached skill level 5 in Armour
   266 | D        | Reached skill level 5 in Dodging
   271 | D        | Killed an orc warrior
   272 | D        | Reached skill level 9 in Axes
   272 | D        | Reached XP level 5. HP: 47/52 MP: 4/4
   273 | D        | Killed an orc warrior
   274 | D        | Reached skill level 10 in Axes
   274 | D        | Reached XP level 6. HP: 42/61 MP: 5/5
   279 | D        | Killed a komodo dragon
   279 | D        | Reached ***** piety under Trog
   280 | D        | Reached skill level 12 in Axes
   280 | D        | Reached XP level 7. HP: 40/70 MP: 6/6
   283 | D        | Killed a troll
   284 | D        | Reached skill level 13 in Axes
   416 | D        | Noticed a gargoyle
   416 | D        | Noticed a wraith
   416 | D        | Noticed a two-headed ogre
   416 | D        | Noticed a slime creature
   416 | D        | Noticed a slime creature
   416 | D        | Noticed a gargoyle
   420 | D        | Killed a gargoyle
   421 | D        | Reached skill level 10 in Fighting
   421 | D        | Reached XP level 8. HP: 80/80 MP: 7/7
   426 | D        | Killed a large slime creature
   427 | D        | Reached skill level 14 in Axes
   427 | D        | Reached skill level 10 in Armour
   433 | D        | Killed a two-headed ogre
   434 | D        | Reached skill level 15 in Axes
   434 | D        | Reached skill level 10 in Dodging
   434 | D        | Reached XP level 9. HP: 39/89 MP: 8/8
   438 | D        | Killed a gargoyle
   439 | D        | Reached skill level 16 in Axes
   724 | D        | Noticed a polar bear
   728 | D        | Received a gift from Trog
   737 | D        | Killed a polar bear
   741 | D        | Reached skill level 17 in Axes
   761 | D        | Received a gift from Trog
   826 | D        | Noticed a cane toad
   826 | D        | Noticed an elephant
   826 | D        | Noticed a catoblepas
   837 | D        | Killed a catoblepas
   838 | D        | Reached skill level 18 in Axes
   838 | D        | Reached XP level 10. HP: 33/101 MP: 3/9
   855 | D        | Killed an elephant
   858 | D        | Killed a cane toad
   864 | D        | Reached ****** piety under Trog
   864 | D        | Received a gift from Trog
  1037 | D        | Noticed an elephant
  1037 | D        | Noticed an elephant
  1037 | D        | Noticed an elephant
  1037 | D        | Noticed an elephant
  1037 | D        | Noticed an elephant
  1037 | D        | Noticed an elephant
  1039 | D        | Noticed an elephant
  1044 | D        | Killed an elephant
  1045 | D        | Reached skill level 19 in Axes
  1048 | D        | Killed an elephant
  1051 | D        | Killed an elephant
  1055 | D        | Killed an elephant
  1056 | D        | Noticed a dire elephant
  1060 | D        | Killed an elephant
  1064 | D        | Killed an elephant
  1066 | D        | Killed an elephant
  1067 | D        | Reached skill level 20 in Axes
  1067 | D        | Reached XP level 11. HP: 111/111 MP: 3/10
  1074 | D        | Mangled by a dire elephant

Illustrated notes

Levels and vault maps discovered:
D:        linesprint [early_d, line_temple, items_1, d_10, items_2, lair_1,
          lair_end, items_3, orc_1, orc_end, items_4, d_15, swamp_1, shoals_1,
          snake_1, spider_1, d_20, vaults_1, items_5, swamp_end, shoals_end,
          snake_end, spider_end, vaults_end, d_27, items_6, zot_1, zot_end,
          crypt_end, forest_end, elf_end, slime_end, tomb_end, abyss_end,
          pan_hell_end]

Skill      XL: |  1  2  3  4  5  6  7  8  9 10 |
---------------+-------------------------------+-----
Axes           | 6 7 9 10 12 13 15 18 20 | 20.1
Fighting       | 4 5 7 9 10 11 13 14 | 14.8
Armour         | 4 6 7 8 9 11 13 14 | 14.6
Dodging        | 3 4 6 8 9 10 12 13 | 13.5

Action                   |  1- 3 |  4- 6 |  7- 9 | 10-12 || total
-------------------------+-------+-------+-------+-------++-------
Melee: Hand axe          |    21 |     1 |       |       ||    22
       Headbutt          |     2 |     3 |    10 |    25 ||    40
       War axe           |       |    15 |    44 |       ||    59
       Battleaxe         |       |       |    10 |    49 ||    59
Invok: Berserk           |     1 |     1 |     2 |     2 ||     6
 Stab: Petrified         |       |       |       |     3 ||     3
Armor: Chain mail        |       |     2 |    15 |    13 ||    30
Dodge: Dodged            |    10 |     3 |    27 |    21 ||    61

Table legend: (Time is in decaauts)
 A = Elapsed time spent in this place.
 B = Non-inter-level travel time spent in this place.
 C = Inter-level travel time spent in this place.
 D = Time resting spent in this place.
 E = Time spent auto-exploring this place.
 F = Levels seen in this place.
 G = Mean time per level.
                   A        B        C        D        E       F      G
               +--------+--------+--------+--------+--------+-----+--------+
         Total |   1080 |   1080 |      0 |    522 |    300 |   1 | 1080.0 |
       Dungeon |   1080 |   1080 |      0 |    522 |    300 |   1 | 1080.0 |
               +--------+--------+--------+--------+--------+-----+--------+

Top non-repeatable levels by time:
       D: 1080 daAuts
